 Dungeon Crawl Stone Soup version 0.22-a0-609-gfedc9ff (webtiles) character file.

582 sking99 the Magician (level 7, -2/51 HPs)
             Began as a Gnoll Wizard on July 10, 2018.
             Slain by a bullfrog skeleton (3 damage)
             ... on level 5 of the Dungeon.
             The game lasted 00:11:07 (5009 turns).

sking99 the Magician (Gnoll Wizard)                 Turns: 5009, Time: 00:11:08

Health: -2/51      AC:  7    Str:  9    XL:     7   Next: 36%
Magic:  1/18       EV: 14    Int: 23    God:
Gold:   304        SH:  0    Dex: 13    Spells: 7/21 levels left

rFire    . . .     SeeInvis .   v - +1 halberd
rCold    + . .     Gourm    .   (shield currently unavailable)
rNeg     . . .     Faith    .   a - +0 robe
rPois    +         Spirit   .   b - +0 hat
rElec    .         Reflect  .   r - +1 cloak
rCorr    .         Harm     .   C - +2 pair of gloves
MR       .....                  (no boots)
Stlth    +++.......             (no amulet)
HPRegen  0.17/turn              q - ring of poison resistance
MPRegen  0.16/turn              s - ring of protection from cold

@: no status effects
A: distributed training, fangs 1, strong nose
a: no special abilities


You were on level 5 of the Dungeon.
You were not hungry.

You visited 1 branch of the dungeon, and saw 5 of its levels.

You collected 304 gold pieces.

Inventory:

Hand Weapons
 v - a +1 halberd (weapon)
Armour
 a - a +0 robe (worn)
 b - a +0 hat (worn)
 r - a +1 cloak (worn)
 C - a +2 pair of gloves (worn)
Jewellery
 q - a ring of poison resistance (left hand)
 s - a ring of protection from cold (right hand)
 B - an uncursed ring of positive energy
Wands
 p - a wand of paralysis (21)
 D - a wand of polymorph (13)
Scrolls
 i - 3 scrolls of amnesia
 j - a scroll of enchant weapon
 m - 2 scrolls of teleportation
 n - a scroll of remove curse
 o - a scroll of enchant armour
Potions
 c - 5 potions of curing
 e - 2 potions of flight
 f - 2 potions of mutation
 g - a potion of resistance
 h - a potion of haste
 l - 2 potions of lignification {unknown}
 u - 3 potions of brilliance
 z - a potion of agility
 A - a potion of might
Comestibles
 d - 8 rations
 k - 4 chunks of flesh


   Skills:
 + Level 2.4 Fighting
 + Level 2.4 Short Blades
 + Level 2.4 Long Blades
 + Level 2.4 Axes
 + Level 2.4 Maces & Flails
 + Level 2.4 Polearms
 + Level 2.4 Staves
 + Level 2.4 Slings
 + Level 2.4 Bows
 + Level 2.4 Crossbows
 + Level 2.4 Throwing
 + Level 2.4 Armour
 + Level 5.2 Dodging
 + Level 4.8 Stealth
 + Level 2.4 Shields
 + Level 2.4 Unarmed Combat
 + Level 7.6 Spellcasting
 + Level 2.9 Conjurations
 + Level 2.0 Hexes
 + Level 2.0 Charms
 + Level 2.9 Summonings
 + Level 2.0 Necromancy
 + Level 2.9 Translocations
 + Level 2.0 Transmutations
 + Level 2.0 Fire Magic
 + Level 2.0 Ice Magic
 + Level 2.0 Air Magic
 + Level 2.0 Earth Magic
 + Level 2.0 Poison Magic
 + Level 2.6 Invocations
 + Level 2.4 Evocations


You had 7 spell levels left.
You knew the following spells:

 Your Spells              Type           Power        Failure   Level  Hunger
a - Magic Dart            Conj           ###.         2%          1    None
b - Blink                 Tloc           N/A          3%          2    None
c - Call Imp              Summ           ###.....     3%          2    None
d - Conjure Flame         Conj/Fire      ###.....     8%          3    None
e - Mephitic Cloud        Conj/Pois/Air  ###.....     9%          3    None
f - Confuse               Hex            ###.....     10%         3    None

Your spell library contained the following spells:

 Spells                   Type           Power        Failure   Level  Hunger
 Slow                     Hex            ###.....     4%          2    None
 Tukima's Dance           Hex            ###.....     10%         3    None
 Ensorcelled Hibernation  Hex/Ice        ###...       4%          2    None
 Corona                   Hex            ###....      3%          1    None
 Dazzling Spray           Conj/Hex       ###...       8%          3    None


Dungeon Overview and Level Annotations

Branches:
Dungeon (5/15)
 Temple: D:4-7

Altars:
Fedhas
Nemelex Xobeh


Innate Abilities, Weirdness & Mutations

Your experience applies equally to all skills.
You have very sharp teeth.
Your uncanny sense of smell can sniff out nearby items.


Message History

* * * LOW HITPOINT WARNING * * *
The bullfrog skeleton hits you.
* * * LOW HITPOINT WARNING * * *
Casting: Magic Dart (safe; 2% risk of failure)
Confirm with . or Enter, or press ? or * to list all spells.
Aiming: Magic Dart (safe; 2% risk of failure)
Press: ? - help, Shift-Dir - straight line, f - bullfrog skeleton
Aim: a bullfrog skeleton The magic dart hits the bullfrog skeleton.
The bullfrog skeleton is lightly damaged.
The bullfrog skeleton closely misses you.
Casting: Magic Dart (safe; 2% risk of failure)
Confirm with . or Enter, or press ? or * to list all spells.
Aiming: Magic Dart (safe; 2% risk of failure)
Press: ? - help, Shift-Dir - straight line, f/p - bullfrog skeleton
Aim: a bullfrog skeleton (lightly damaged)
The magic dart hits the bullfrog skeleton.
The bullfrog skeleton is lightly damaged.
The bullfrog skeleton hits you.
You die...

#.....## .# #......#
...# #......# ...#
#......# ..#
##....#####.# .
##....##.##.#######..
#.....).............∆
#..........Z.....#
#....)...)..@....#
#........####'####
#........##......#
#........#.......#
#........#......<#
###########......+
########


You could see a bullfrog skeleton.

Vanquished Creatures
  A bullfrog zombie (D:5)
  2 hounds (D:4)
  A centaur skeleton (D:4)
  An orc priest (D:5)
  A bullfrog skeleton (D:4)
  2 orc wizards (D:5)
  2 worker ants (D:4)
  4 gnolls
  4 adders
  2 oozes (D:3)
  An adder skeleton (D:4)
  2 worms (D:2)
  A dart slug (D:1)
  7 leopard geckos
  11 orcs
  5 giant cockroaches
  12 goblins
  9 hobgoblins
  6 jackals (D:3)
  6 kobolds
  2 quokkas
  A ball python (D:3)
  9 bats
  2 frilled lizards
  4 rats
98 creatures vanquished.

Vanquished Creatures (collateral kills)
  An ogre (D:4)
  An orc priest (D:4)
  4 gnolls
  An adder (D:3)
  2 hobgoblins (D:2)
9 creatures vanquished.

Grand Total: 107 creatures vanquished

Notes
Turn   | Place    | Note
-------+----------+-------------------------------------------
     0 | D:1      | sking99 the Gnoll Wizard began the quest for the Orb.
     0 | D:1      | Reached XP level 1. HP: 13/13 MP: 8/8
   207 | D:1      | Reached XP level 2. HP: 19/19 MP: 8/10
   630 | D:1      | Learned a level 2 spell: Blink
   633 | D:1      | Learned a level 2 spell: Call Imp
   748 | D:1      | Reached XP level 3. HP: 25/25 MP: 9/11
  1055 | D:2      | Reached skill level 1 in Invocations
  1264 | D:2      | Reached skill level 1 in Fighting
  1264 | D:2      | Reached skill level 1 in Short Blades
  1264 | D:2      | Reached skill level 1 in Long Blades
  1264 | D:2      | Reached skill level 1 in Axes
  1264 | D:2      | Reached skill level 1 in Maces & Flails
  1264 | D:2      | Reached skill level 1 in Polearms
  1264 | D:2      | Reached skill level 1 in Staves
  1264 | D:2      | Reached skill level 1 in Slings
  1264 | D:2      | Reached skill level 1 in Bows
  1264 | D:2      | Reached skill level 1 in Crossbows
  1264 | D:2      | Reached skill level 1 in Throwing
  1264 | D:2      | Reached skill level 1 in Armour
  1264 | D:2      | Reached skill level 1 in Shields
  1264 | D:2      | Reached skill level 1 in Unarmed Combat
  1264 | D:2      | Reached skill level 1 in Evocations
  1301 | D:2      | Reached XP level 4. HP: 17/32 MP: 1/13
  1736 | D:2      | Learned a level 3 spell: Conjure Flame
  1740 | D:2      | Learned a level 3 spell: Mephitic Cloud
  1951 | D:2      | Reached skill level 1 in Hexes
  1951 | D:2      | Reached skill level 1 in Charms
  1951 | D:2      | Reached skill level 1 in Necromancy
  1951 | D:2      | Reached skill level 1 in Transmutations
  1951 | D:2      | Reached skill level 1 in Fire Magic
  1951 | D:2      | Reached skill level 1 in Ice Magic
  1951 | D:2      | Reached skill level 1 in Air Magic
  1951 | D:2      | Reached skill level 1 in Earth Magic
  1951 | D:2      | Reached skill level 1 in Poison Magic
  2645 | D:3      | Reached XP level 5. HP: 37/37 MP: 7/14
  3368 | D:3      | Found a blossoming altar of Fedhas.
  3376 | D:3      | Found a sparkling altar of Nemelex Xobeh.
  3906 | D:4      | Noticed an ogre
  3907 | D:4      | Reached XP level 6. HP: 44/44 MP: 8/16
  3950 | D:4      | Reached skill level 5 in Dodging
  4592 | D:4      | Learned a level 3 spell: Confuse
  4642 | D:4      | Reached XP level 7. HP: 47/50 MP: 11/18
  4709 | D:5      | Entered Level 5 of the Dungeon
  4947 | D:5      | Noticed a troll
  5007 | D:5      | HP: 1/51 [bullfrog skeleton (2)]
  5009 | D:5      | Slain by a bullfrog skeleton

Vault maps used:
D:1:      grunt_arrival_lava_bath, serial_bayou, serial_bayou_pond_e,
          serial_bayou_pond_e, serial_bayou_shore_b, serial_bayou_pond_e,
          minivault_5, grunt_decor_mini_mirrors
D:2:      cheibrodos_greedy_goblins, grunt_ministairs_12
D:3:      amethyst_overflow_temple_binary, first_ration

Skill      XL: |  1  2  3  4  5  6  7 |
---------------+----------------------+-----
Conjurations   | 2 |  2.9
Summonings     | 2 |  2.9
Translocations | 2 |  2.9
Invocations    | 1 2 |  2.6
Fighting       | 1 2 |  2.4
Short Blades   | 1 2 |  2.4
Long Blades    | 1 2 |  2.4
Axes           | 1 2 |  2.4
Maces & Flails | 1 2 |  2.4
Polearms       | 1 2 |  2.4
Staves         | 1 2 |  2.4
Slings         | 1 2 |  2.4
Bows           | 1 2 |  2.4
Crossbows      | 1 2 |  2.4
Throwing       | 1 2 |  2.4
Armour         | 1 2 |  2.4
Shields        | 1 2 |  2.4
Unarmed Combat | 1 2 |  2.4
Evocations     | 1 2 |  2.4
Hexes          | 1 2 |  2.0
Charms         | 1 2 |  2.0
Necromancy     | 1 2 |  2.0
Transmutations | 1 2 |  2.0
Fire Magic     | 1 2 |  2.0
Ice Magic      | 1 2 |  2.0
Air Magic      | 1 2 |  2.0
Earth Magic    | 1 2 |  2.0
Poison Magic   | 1 2 |  2.0
Dodging        | 5 |  5.2
Stealth        | |  4.8
Spellcasting   | |  7.6

Action                   |  1- 3 |  4- 6 |  7- 9 || total
-------------------------+-------+-------+-------++-------
Melee: Dagger            |    14 |     3 |       ||    17
       Unarmed           |     1 |       |       ||     1
       Bite              |     1 |       |       ||     1
       Halberd           |       |    18 |     5 ||    23
 Cast: Magic Dart        |    63 |   195 |    38 ||   296
       Call Imp          |     3 |    15 |       ||    18
       Mephitic Cloud    |       |     1 |     2 ||     3
       Blink             |       |     1 |       ||     1
  Use: Scroll            |       |    14 |     1 ||    15
  Eat: Chunk             |     1 |     9 |     2 ||    12
Armor: Robe              |     3 |    22 |     6 ||    31
Dodge: Dodged            |    20 |    77 |    28 ||   125

Table legend:
 A = Spawn XP
 B = Non-spawn XP
 C = Spawn XP percentage of total XP
 D = Spawn monster count
 E = Non-spawn monster count
 F = Spawn count percentage of total count
 G = Total turns spent on level
                    A         B        C        D         E        F      G
               +---------+---------+-------+---------+---------+-------+---------
         Total |       0 |     832 |   0.0 |       0 |     107 |   0.0 |  5009
               +---------+---------+-------+---------+---------+-------+---------
           D:1 |       0 |      34 |   0.0 |       0 |      16 |   0.0 |  1112
           D:2 |       0 |     120 |   0.0 |       0 |      33 |   0.0 |  1403
           D:3 |       0 |      63 |   0.0 |       0 |      25 |   0.0 |   983
           D:4 |       0 |     440 |   0.0 |       0 |      25 |   0.0 |  1211
           D:5 |       0 |     175 |   0.0 |       0 |       8 |   0.0 |   300
               +---------+---------+-------+---------+---------+-------+---------
